 Dungeon Crawl Stone Soup version 0.30-a0-824-g6c64550be9 (webtiles) character file.

Game seed: 4032679962484025851

5584 Pimp the Covert (level 10, -2/51 HPs)
             Began as a Spriggan Hunter on Feb 27, 2023.
             Was a Believer of Okawaru.
             Slain by an eidolon (18 damage)
             ... on level 1 of the Abyss.
             The game lasted 00:45:26 (10431 turns).

Pimp the Covert (Spriggan Hunter)                  Turns: 10431, Time: 00:45:27

Health: -2/51      AC:  9    Str:  6    XL:     10   Next: 45%
Magic:  22/22      EV: 22    Int: 15    God:    Okawaru [**....]
Gold:   602        SH:  0    Dex: 22    Spells: 20/23 levels left

rFire   . . .      SeeInvis +    y - +2 shortbow (flame)
rCold   . . .      Faith    .    (shield currently unavailable)
rNeg    . . .      Spirit   .    x - +0 acid dragon scales
rPois   .          Reflect  .    (helmet restricted)
rElec   .          Harm     .    p - +1 cloak
rCorr   +          Rampage  .    (gloves unavailable)
Will    +....                    (boots unavailable)
Stlth   +++++                    h - amulet "Ytibrog" {Acrobat Slay+2}
HPRegen 0.00/turn                B - ring of resist corrosion
MPRegen 0.18/turn                (no ring)

@: about to teleport, sick, slowed, quick
A: very small, no large weapons, unfitting armour, see invisible, speed 3,
clever 1, shaggy fur 1
a: Renounce Religion, Heroism


You were on level 1 of the Abyss.
You worshipped Okawaru.
Okawaru was pleased with you.
You visited 2 branches of the dungeon, and saw 10 of its levels.
You visited the Abyss 1 time.
You also visited: Ossuary.

You collected 602 gold pieces.

Inventory:

Hand Weapons
 f - a +0 short sword of flaming
 n - the +0 short sword of Diet Blood {flame, rPois Will+}
   (You found it on level 7 of the Dungeon)

   rPois:     It protects you from poison.
   Will:      It increases your willpower.
 y - a +2 shortbow of flaming (weapon)
Missiles
 d - 25 poisoned darts
Armour
 c - a +0 robe
 m - a +0 animal skin
 p - a +1 cloak (worn)
 x - +0 acid dragon scales (worn)
Jewellery
 h - the amulet "Ytibrog" (around neck) {Acrobat Slay+2}
   (You acquired it on level 4 of the Dungeon)

   [amulet of the acrobat]

   It increases your evasion while moving and waiting.
   Slay:      It affects your accuracy & damage with ranged weapons and melee
   (+2).
 B - a ring of resist corrosion (left hand)
Wands
 k - a wand of polymorph (17)
 u - a wand of flame (8)
 A - a wand of paralysis (36)
Scrolls
 a - 7 scrolls of identify
 b - 2 scrolls of immolation
 e - 3 scrolls of torment
 g - 3 scrolls of teleportation
 q - a scroll of fog
 v - a scroll of noise
 F - a scroll of summoning
Potions
 i - 2 potions of lignification
 j - a potion of brilliance
 l - a potion of mutation
 o - 3 potions of flight
 r - a potion of curing
 s - 3 potions of invisibility
 t - 4 potions of heal wounds
 w - 2 potions of haste
 z - 2 potions of ambrosia {unknown}
 D - 2 potions of magic {unknown}
 E - a potion of cancellation {unknown}


   Skills:
 + Level 5.5 Fighting
 + Level 5.0 Short Blades
 + Level 7.5 Ranged Weapons
 + Level 8.7 Dodging
 + Level 10.0 Stealth
 + Level 7.4 Spellcasting
 + Level 6.5 Translocations


You had 20 spell levels left.
You knew the following spells:

 Your Spells              Type           Power      Damage    Failure   Level
a - Gell's Gravitas       Tloc           25%        N/A       5%          3

Your spell library contained the following spells:

 Spells                   Type           Power      Damage    Failure   Level
 Lesser Beckoning         Tloc           50%        N/A       2%          2
 Teleport Other           Tloc           25%        N/A       5%          3
 Foxfire                  Conj/Fire      20%        2x1d5     26%         1
 Cigotuvi's Dreadful Rot  Necr/Pois/Air  10%        N/A       36%         2
 Dispel Undead            Necr           5%         3d7       95%         4
 Fireball                 Conj/Fire      2%         3d4       100%        5
 Starburst                Conj/Fire      2%         6d3       100%        6
 Death Channel            Necr           Unusable   N/A       N/A         6

Dungeon Overview and Level Annotations

Branches:
Dungeon (9/15)             Temple (1/1) D:7         Ossuary (visited)
   Lair: D:8-11         Orc: D:9-12

Altars:
Cheibriados
Dithmenos
Elyvilon
Gozag
Kikubaaqudgha
Makhleb
Nemelex Xobeh
Okawaru
Qazlal
Sif Muna
Trog
Uskayaw
Vehumet
Wu Jian
Xom
Yredelemnul
Zin
The Shining One

Shops:
D:9 *

Annotations:
D:9 Erolcha
Temple 2 transporters


Innate Abilities, Weirdness & Mutations

You are very small and have problems with some larger weapons.
You are too small for most types of armour.
You have supernaturally acute eyesight. (SInv)
You cover ground extremely quickly. (Speed+++)
Your mind is acute. (Int +4, Str/Dex -1)
You are covered in fur. (AC +1)


Message History

The ynoxinul closely misses you.
The ynoxinul gestures.
The ufetubus completely misses you. The ufetubus misses you.
The ufetubus hits you. The ufetubus misses you.
The ufetubus hits you but does no damage.
The ufetubus misses you.
The eidolon hits you but does no damage.
The eidolon closely misses you.
The ufetubus hits you but does no damage. x2
The ynoxinul closely misses you. The ufetubus barely misses you. x2
As you read the scroll of teleportation, it crumbles to dust.
You feel strangely unstable.
You feel the power of the Abyss delaying your translocation!
The ufetubus closely misses you. The ufetubus completely misses you. x2
The ufetubus closely misses you. x4; The ufetubus barely misses you.
The eidolon gestures.
The eidolon radiates an aura of fear!
You resist with some effort. The ynoxinul barely misses you.
The ynoxinul gestures.
As you read the scroll of fog, it crumbles to dust.
The scroll dissolves into smoke.
The ufetubus misses you. The ufetubus closely misses you.
The ufetubus hits you but does no damage.
The ufetubus misses you. x2; The ufetubus barely misses you.
The guardian serpent barely misses you. The ufetubus barely misses you.
The ufetubus hits you. The eidolon hits you! The eidolon drains your vigour!
You feel yourself slow down. The eidolon closely misses you.
The ufetubus barely misses you. The ufetubus completely misses you.
The ynoxinul gestures.
The ynoxinul misses you. The ufetubus misses you. x2
You shoot an arrow.
The arrow closely misses the guardian serpent.
The arrow barely misses the ufetubus.
The guardian serpent hits you but does no damage.
The ufetubus completely misses you. The ufetubus closely misses you.
The ufetubus misses you. The ufetubus hits you.
The ufetubus completely misses you. The ufetubus misses you.
The guardian serpent hits you!! The ufetubus completely misses you.
The ufetubus barely misses you. The eidolon hits you!!
You die...

.. ....... ## . . .
.55§.§.#.. . #. . #..
#...55........... ..##
.##..3...# ....# .. ...
.....5..# #...# .
......5§#.## ##. # ##.
#. #55§..###...## ..
..##..##55....#..5.. ...
.....§W@S5..........x...
.....§553§....#... .#...
..##.§##.....###.. ##..
#.. #..#.## ##W## #. ...
......###...# #..
.............#.....# .
..## .##.............. .
.. #......#W ...#. . ..
##...###..


You could see an eidolon, a guardian serpent, a ynoxinul and 8 ufetubi.

Vanquished Creatures
  A two-headed ogre (D:7)
  Pikel (D:5)
  3 wyverns
  2 wraiths (Ossuary)
  2 vampire mosquitoes
  Edmund (D:4)
  An acid dragon (D:9)
  2 orc warriors
  2 black bears
  3 ice beasts
  2 ogres (D:6)
  4 centaurs
  3 lemures (D:5)
  2 kobold brigands
  3 bullfrogs
  5 scorpions
  8 wights
  6 killer bees (D:8)
  3 howler monkeys
  3 jellies
  2 hounds (D:5)
  Crazy Yiuf (D:2)
  A gnoll bouda (D:7)
  4 iguanas
  Ijyb (D:5)
  4 orc wizards
  Robin (D:2)
  9 gnolls
  10 adders
  2 shadow imps (D:5)
  A white imp (D:8)
  An adder zombie (Ossuary)
  4 worms
  A dart slug (D:2)
  24 orcs
  8 ball pythons
  7 endoplasms
  5 giant cockroaches
  15 goblins
  6 hobgoblins
  9 jackals
  35 kobolds
  A quokka (D:3)
  A ball python skeleton (Ossuary)
  3 bats
  3 frilled lizards (D:1)
  3 hobgoblin zombies (Ossuary)
  A kobold zombie (Ossuary)
  An orc zombie (Ossuary)
  5 rats
226 creatures vanquished.

Vanquished Creatures (others)
  An orc (D:4)
  A quokka (D:3)
  32 plants (D:4)
34 creatures vanquished.

Grand Total: 260 creatures vanquished

Notes
Turn   | Place    | Note
-------+----------+-------------------------------------------
     0 | D:1      | Pimp the Spriggan Hunter began the quest for the Orb.
     0 | D:1      | Reached XP level 1. HP: 10/10 MP: 2/2
   142 | D:1      | Reached skill level 2 in Stealth
   193 | D:1      | Reached XP level 2. HP: 15/15 MP: 3/3
   717 | D:1      | Reached skill level 1 in Spellcasting
   976 | D:1      | Reached XP level 3. HP: 18/18 MP: 5/5
  1197 | D:2      | Noticed Robin
  1297 | D:2      | Killed Robin
  1412 | D:2      | Reached skill level 3 in Stealth
  1645 | D:2      | Reached XP level 4. HP: 23/23 MP: 7/7
  1663 | D:2      | Found a runed translucent door.
  1664 | D:2      | Noticed Crazy Yiuf
  1704 | D:2      | Killed Crazy Yiuf
  1916 | D:2      | Found an ancient bone altar of Kikubaaqudgha.
  2360 | D:3      | Reached XP level 5. HP: 27/27 MP: 9/9
  2948 | D:3      | Reached skill level 4 in Stealth
  3223 | D:3      | Found a radiant altar of Vehumet.
  3377 | D:3      | Found a white marble altar of Elyvilon.
  3725 | D:4      | Noticed a black bear
  4040 | D:4      | Reached XP level 6. HP: 31/32 MP: 11/11
  4411 | D:4      | Reached skill level 5 in Ranged Weapons
  4411 | D:4      | Reached skill level 5 in Stealth
  4790 | D:4      | Reached skill level 5 in Dodging
  5072 | D:5      | Entered Level 5 of the Dungeon
  5088 | D:5      | Noticed Pikel
  5160 | D:5      | Noticed Edmund
  5251 | D:4      | Identified 2 scrolls of acquirement
  5251 | D:4      | Acquired a +2 shortbow of flaming
  5255 | D:4      | Acquired the amulet "Ytibrog" {Acrobat Slay+2}
  5341 | D:4      | Killed Edmund
  5342 | D:4      | Reached XP level 7. HP: 36/36 MP: 13/13
  5622 | D:5      | Killed Pikel
  5623 | D:5      | Reached skill level 6 in Stealth
  5623 | D:5      | Reached XP level 8. HP: 42/42 MP: 13/16
  5669 | D:5      | Learned a level 3 spell: Gell's Gravitas
  5719 | D:5      | Reached skill level 7 in Stealth
  5719 | D:5      | Reached skill level 5 in Spellcasting
  5719 | D:5      | Reached skill level 1 in Translocations
  5830 | D:5      | Reached skill level 1 in Short Blades
  5879 | D:5      | Noticed Ijyb
  5900 | D:5      | Killed Ijyb
  6387 | D:5      | Found a shimmering altar of Xom.
  6503 | D:5      | Identified the +1 ring mail of the Antique God {Rampage
                  | Regen+}
  6770 | D:6      | Found a bloodstained altar of Trog.
  6891 | D:6      | Found a glowing silver altar of Zin.
  7183 | D:5      | Reached XP level 9. HP: 16/46 MP: 18/18
  7318 | D:5      | Gained mutation: You are agile. (Dex +4, Str/Int -1)
                  | [potion of mutation]
  7318 | D:5      | Gained mutation: You occasionally lose the ability to drink
                  | potions when taking damage. [potion of mutation]
  7319 | D:5      | Lost mutation: You are agile. (Dex +4, Str/Int -1) [potion
                  | of mutation]
  7319 | D:5      | Lost mutation: You occasionally lose the ability to drink
                  | potions when taking damage. [potion of mutation]
  7319 | D:5      | Gained mutation: You are dopey. (Int -2) [potion of
                  | mutation]
  7319 | D:5      | Gained mutation: You are frail. (-10% HP) [potion of
                  | mutation]
  7319 | D:5      | Gained mutation: Your flesh is cold resistant. (rC+)
                  | [potion of mutation]
  7320 | D:5      | Lost mutation: Your flesh is cold resistant. (rC+) [potion
                  | of mutation]
  7320 | D:5      | Lost mutation: You are frail. (-10% HP) [potion of
                  | mutation]
  7320 | D:5      | Lost mutation: You are dopey. (Int -2) [potion of mutation]
  7320 | D:5      | Gained mutation: You possess an exceptional clarity of
                  | mind. [potion of mutation]
  7321 | D:5      | Lost mutation: You possess an exceptional clarity of mind.
                  | [potion of mutation]
  7321 | D:5      | Gained mutation: You have a pair of small horns on your
                  | head. [potion of mutation]
  7321 | D:5      | Gained mutation: You are frail. (-10% HP) [potion of
                  | mutation]
  7321 | D:5      | Lost mutation: You are frail. (-10% HP) [potion of
                  | mutation]
  7322 | D:5      | Lost mutation: You have a pair of small horns on your head.
                  | [potion of mutation]
  7322 | D:5      | Gained mutation: You are covered in fur. (AC +1) [potion of
                  | mutation]
  7322 | D:5      | Gained mutation: Your mind is acute. (Int +4, Str/Dex -1)
                  | [potion of mutation]
  7375 | D:6      | Reached skill level 8 in Stealth
  7858 | D:7      | Identified the +0 short sword of Diet Blood {flame, rPois
                  | Will+}
  8064 | D:7      | Noticed a two-headed ogre
  8071 | D:7      | Killed a two-headed ogre
  8072 | D:7      | Reached skill level 5 in Fighting
  8072 | D:7      | Reached skill level 9 in Stealth
  8072 | D:7      | Reached skill level 5 in Translocations
  8101 | D:7      | Found a staircase to the Ecumenical Temple.
  8109 | Temple   | Entered the Ecumenical Temple
  8109 | Temple   | Found a transporter.
  8109 | Temple   | Found a transporter.
  8111 | Temple   | Found a transporter.
  8111 | Temple   | Found a transporter.
  8125 | Temple   | Became a worshipper of Warmaster Okawaru
  8242 | D:7      | Found an ornate altar of the Wu Jian Council.
  8440 | D:7      | Found a burning altar of Makhleb.
  8615 | D:8      | Found a sand-covered staircase.
  8619 | Ossuary  | Entered an ossuary
  8659 | Ossuary  | Reached XP level 10. HP: 51/51 MP: 21/21
  8820 | Ossuary  | Reached * piety under Okawaru
 10165 | D:9      | Found Cosogrit's Overcharged Wands.
 10173 | D:9      | Reached ** piety under Okawaru
 10189 | D:9      | Reached skill level 10 in Stealth
 10296 | D:9      | Reached skill level 5 in Short Blades
 10375 | D:9      | Noticed Erolcha
 10376 | Abyss:1  | Cast into level 1 of the Abyss (Erolcha)
 10413 | Abyss:1  | Noticed a guardian serpent
 10416 | Abyss:1  | Noticed an eidolon
 10431 | Abyss:1  | Slain by an eidolon

Illustrated notes

Levels and vault maps discovered:
D:1:      dpeg_arrival_radiant, layout_basic, nicolae_titane
D:2:      layout_basic, basic_altar, uniq_robin, uniq_crazy_yiuf_cottage
D:3:      layout_basic, elyvilon_altar_4, mainiacjoe_overflow_six_doors_small
D:4:      kennysheep_kobold_camp, layout_rooms, kennysheep_generic_room_13
D:5:      layout_loops_ring, tgw_xom, uniq_edmund, uniq_pikel, uniq_ijyb
D:6:      layout_cave_pods, marbit_many_paths, mainiacjoe_overflow_boulevard
D:7:      layout_rooms, pdpol_wu_jian_five_deadly_venoms,
          lemuel_coloured_pillars_altar, minmay_temple_entry_trees
D:8:      layout_layer_cave, lightli_ossuary_entry_decrepit_ruins
D:9:      layout_irregular_city, nicolae_shop_overcharged_wands, uniq_erolcha
Temple:   hellmonk_temple_divided_pantheon
Abyss:1:  base:
D:3

Skill      XL: |  1  2  3  4  5  6  7  8  9 10 |
---------------+-------------------------------+-----
Stealth        | 2 3 4 5 6 7 9 10 | 10.0
Dodging        | 3 4 5 6 7 8 |  8.7
Spellcasting   | 1 2 3 4 5 6 7 |  7.4
Fighting       | 2 3 4 5 |  5.5
Ranged Weapons | 5 6 7 |  7.5
Translocations | 3 5 6 |  6.5
Short Blades   | 2 4 5 |  5.0

Action                     |  1- 3 |  4- 6 |  7- 9 | 10-12 || total
---------------------------+-------+-------+-------+-------++-------
  Melee: Short sword       |       |    51 |    97 |     5 ||   153
         Punch             |       |       |     2 |       ||     2
   Fire: Shortbow          |   101 |   258 |   231 |   139 ||   729
    Use: Scroll            |       |    10 |    12 |     3 ||    25
         Potion            |       |     1 |    11 |       ||    12
   Stab: Sleeping          |       |     1 |     2 |       ||     3
         Distracted        |       |     1 |       |       ||     1
 Armour: Robe              |     3 |       |       |       ||     3
         Animal skin       |       |    16 |    22 |     4 ||    42
         Acid dragon scale |       |       |       |     7 ||     7
  Dodge: Dodged            |    59 |    98 |   244 |   116 ||   517

Table legend: (Time is in decaauts)
 A = Elapsed time spent in this place.
 B = Non-inter-level travel time spent in this place.
 C = Inter-level travel time spent in this place.
 D = Time resting spent in this place.
 E = Time spent auto-exploring this place.
 F = Levels seen in this place.
 G = Mean time per level.
                   A        B        C        D        E       F      G
               +--------+--------+--------+--------+--------+-----+--------+
         Total |   7430 |   6949 |    481 |   1018 |   3446 |  12 |  619.2 |
       Dungeon |   7119 |   6654 |    465 |   1007 |   3311 |   9 |  791.0 |
        Temple |     24 |      8 |     16 |      0 |      0 |   1 |   24.0 |
         Abyss |     34 |     34 |      0 |      0 |      0 |   1 |   34.0 |
       Ossuary |    253 |    253 |      0 |     10 |    135 |   1 |  253.0 |
               +--------+--------+--------+--------+--------+-----+--------+

Top non-repeatable levels by time:
     D:3: 1238 daAuts
     D:5: 1018 daAuts
     D:4: 934 daAuts
     D:8: 861 daAuts
     D:2: 845 daAuts
     D:1: 775 daAuts
     D:6: 767 daAuts
     D:7: 435 daAuts
 Ossuary: 253 daAuts
     D:9: 242 daAuts
 Abyss:1: 34 daAuts
  Temple: 24 daAuts
